 Dungeon Crawl Stone Soup version 0.30-a0-359-gd0147acb1a (webtiles) character file.

Game seed: 11346126174464421921

536 rocky1 the Carver (level 7, 0/47 (50) HPs)
             Began as a Merfolk Gladiator on Nov 13, 2022.
             Slain by a wight
             ... wielding a +0 trident
              (2 damage)
             ... on level 4 of the Dungeon.
             The game lasted 00:08:56 (2521 turns).

rocky1 the Carver (Merfolk Gladiator)               Turns: 2521, Time: 00:08:57

HP:   0/47 (50)     AC:  7    Str: 15    XL:     7   Next: 25%
MP:   7/7           EV: 11    Int:  7    God:
Gold: 237           SH:  0    Dex: 17    Spells: 6/6 levels left

rFire   . . .      SeeInvis .    a - +0 long sword
rCold   . . .      Faith    .    (no shield)
rNeg    . . .      Spirit   .    t - +0 scale mail
rPois   .          Reflect  .    c - +0 helmet
rElec   .          Harm     .    (no cloak)
rCorr   .          Rampage  .    (no gloves)
Will    .....                    (no boots)
Stlth   +.........               (no amulet)
HPRegen 0.27/turn                (no ring)
MPRegen 0.10/turn                (no ring)

@: drained
A: (nimble swimmer 2), mertail
a: no special abilities


You were on level 4 of the Dungeon.
You visited 1 branch of the dungeon, and saw 4 of its levels.

You collected 237 gold pieces.

Inventory:

Hand Weapons
 a - a +0 long sword (weapon)
Missiles
 d - 3 throwing nets
 e - a javelin
 l - 4 poisoned darts (quivered)
Armour
 b - a +0 leather armour
 c - a +0 helmet (worn)
 t - a +0 scale mail (worn)
Wands
 j - a wand of iceblast (6)
 r - a wand of charming (17)
Scrolls
 f - 7 scrolls of teleportation
 k - a scroll of immolation
 m - a scroll of noise {unknown}
 n - a scroll of magic mapping {unknown}
Potions
 g - a potion of ambrosia {unknown}
 h - a potion of lignification
 i - 3 potions of curing
 o - a potion of brilliance
 p - 4 potions of flight
 q - a potion of haste {unknown}
 s - a potion of magic {unknown}


   Skills:
 - Level 2.2 Fighting
 + Level 9.5 Long Blades
 - Level 2.0 Throwing
 - Level 4.0 Dodging
 - Level 1.1 Stealth


You had 6 spell levels left.
You didn't know any spells.
Your spell library contained the following spells:

 Spells                   Type           Power      Damage    Failure   Level
 Freeze                   Ice            0%         1d3       89%         1
 Magic Dart               Conj           0%         1d3       89%         1
 Sting                    Tmut/Pois      0%         1d3       89%         1
 Poisonous Vapours        Pois/Air       0%         N/A       96%         2
 Searing Ray              Conj           0%         2d4       96%         2
 Call Canine Familiar     Summ           0%         N/A       99%         3
 Frozen Ramparts          Ice            0%         1d1       99%         3
 Gell's Gravitas          Tloc           0%         N/A       99%         3
 Hailstorm                Conj/Ice       0%         3d3       99%         3
 Lesser Beckoning         Tloc           0%         N/A       99%         3
 Portal Projectile        Hex/Tloc       0%         N/A       99%         3
 Teleport Other           Tloc           0%         N/A       99%         3
 Fulminant Prism          Conj/Hex       0%         3d5       100%        4
 Leda's Liquefaction      Hex/Erth       0%         N/A       100%        4
 Olgreb's Toxic Radiance  Pois           0%         N/A       100%        4


Dungeon Overview and Level Annotations

Branches:
Dungeon (4/15)
 Temple: D:4-7

Altars:


Innate Abilities, Weirdness & Mutations

((You are very nimble when in or above water. (Stealth+, EV+, Speed+++)))
Your lower body shifts to a powerful aquatic tail in water.


Message History

2 wights come into view.
Found a stone staircase leading down.
The wight hits you with a +0 trident.
You feel drained.
You hit the wight but do no damage. The wight hits you with a +0 trident.
The wight hits you with a +0 mace. The wight hits you with a +0 trident!
The wight attacks as you move away! The wight barely misses you.
The wight hits you from afar with a +0 trident.
You closely miss the wight. The wight barely misses you.
The wight closely misses you.
You hit the wight.
The wight is moderately damaged.
You closely miss the wight.
The wight is moderately damaged.
The wight closely misses you. The wight barely misses you.
You slash the wight! You punch the wight.
The wight is almost destroyed.
The wight barely misses you. The wight hits you with a +0 mace.
You feel drained.
You hit the wight.
You destroy the wight!
The wight misses you.
Your life force feels restored.
The wight hits you with a +0 trident.
* * * LOW HITPOINT WARNING * * *
You feel drained.
* * * LOW HITPOINT WARNING * * *
Things that are here:
a +0 mace; a +0 robe You barely miss the wight.
The wight hits you with a +0 trident!
* * * LOW HITPOINT WARNING * * *
You feel drained.
* * * LOW HITPOINT WARNING * * *
You hit the wight.
The wight is lightly damaged.
The wight barely misses you.
You hit the wight.
The wight is moderately damaged.
The wight hits you with a +0 trident.
You die...

###########
..........#
#########.#
##....###.# ###
...<..##..### ##..#
##.....)>...## #..#
#....##)##..###.#
#######.).....#@#####
#...........z....#
#...........$....#
#####..........#.....#
.....................#
#...##.........#.....#
....##)...<....#>....#
....##.........#######
#...##.........#


You could see a wight.

Vanquished Creatures
  A phantom (D:4)
  A necrophage (D:3)
  4 wights (D:4)
  A jelly (D:4)
  Ijyb (D:4)
  3 adders
  2 dart slugs
  23 orcs
  2 bats
  3 endoplasms
  A giant cockroach (D:2)
  12 hobgoblins
  4 quokkas
  3 ball pythons
  2 frilled lizards
  12 goblins
  8 kobolds
  3 rats (D:2)
86 creatures vanquished.

Vanquished Creatures (others)
  2 plants (D:3)
2 creatures vanquished.

Grand Total: 88 creatures vanquished

Notes
Turn   | Place    | Note
-------+----------+-------------------------------------------
     0 | D:1      | rocky1 the Merfolk Gladiator began the quest for the Orb.
     0 | D:1      | Reached XP level 1. HP: 16/16 MP: 1/1
   181 | D:1      | Found a faded altar of an unknown god.
   260 | D:1      | You fall into a shaft and drop 1 floor!
   271 | D:2      | Reached skill level 4 in Long Blades
   287 | D:2      | Reached XP level 2. HP: 22/22 MP: 2/2
   423 | D:2      | Reached XP level 3. HP: 27/27 MP: 3/3
   788 | D:2      | Reached skill level 5 in Long Blades
  1267 | D:3      | Reached XP level 4. HP: 29/33 MP: 4/4
  1435 | D:3      | Noticed a necrophage
  1446 | D:3      | Reached skill level 6 in Long Blades
  1585 | D:3      | Killed a necrophage
  1586 | D:3      | Reached skill level 1 in Stealth
  1586 | D:3      | Reached XP level 5. HP: 33/38 MP: 5/5
  1746 | D:3      | Reached skill level 7 in Long Blades
  2197 | D:4      | Noticed a phantom
  2231 | D:4      | Killed a phantom
  2232 | D:4      | Reached XP level 6. HP: 29/44 MP: 6/6
  2260 | D:4      | Reached skill level 8 in Long Blades
  2376 | D:4      | Noticed Ijyb
  2404 | D:4      | Reached skill level 9 in Long Blades
  2404 | D:4      | Reached XP level 7. HP: 29/50 MP: 7/7
  2428 | D:4      | Killed Ijyb
  2519 | D:4      | HP: 1/47 [wight/+0 trident (4)]
  2521 | D:4      | Slain by a wight

Illustrated notes

Levels and vault maps discovered:
D:1:      sevenhm_arrival_forest_fort_large_2, layout_rooms,
          chequers_ecumenical_altar_lobes
D:2:      layout_rooms
D:3:      corexii_shack_village, layout_basic, grunt_ministairs_12,
          guppyfry_early_orc_mine
D:4:      kennysheep_the_goblin_king, layout_rooms,
          minmay_temple_entry_crystal_x, portal_sewer_entry_a

Skill      XL: |  1  2  3  4  5  6 |
---------------+-------------------+-----
Long Blades    | 4 5 6 7 9 |  9.5
Stealth        | 1 |  1.1
Fighting       | |  2.2
Throwing       | |  2.0
Dodging        | |  4.0

Action                   |  1- 3 |  4- 6 |  7- 9 || total
-------------------------+-------+-------+-------++-------
Melee: Long sword        |    85 |   188 |    43 ||   316
       Punch             |     2 |     5 |     2 ||     9
  Use: Potion            |     2 |     1 |       ||     3
       Scroll            |       |     6 |       ||     6
 Stab: Invisible         |     2 |       |       ||     2
       Sleeping          |       |     1 |       ||     1
Armor: Leather armour    |    26 |     4 |       ||    30
       Scale mail        |       |    50 |    10 ||    60
Dodge: Dodged            |    68 |    81 |    16 ||   165

Table legend: (Time is in decaauts)
 A = Elapsed time spent in this place.
 B = Non-inter-level travel time spent in this place.
 C = Inter-level travel time spent in this place.
 D = Time resting spent in this place.
 E = Time spent auto-exploring this place.
 F = Levels seen in this place.
 G = Mean time per level.
                   A        B        C        D        E       F      G
               +--------+--------+--------+--------+--------+-----+--------+
         Total |   2555 |   2420 |    135 |    319 |   1230 |   4 |  638.8 |
       Dungeon |   2555 |   2420 |    135 |    319 |   1230 |   4 |  638.8 |
               +--------+--------+--------+--------+--------+-----+--------+

Top non-repeatable levels by time:
     D:3: 1021 daAuts
     D:2: 611 daAuts
     D:1: 547 daAuts
     D:4: 375 daAuts
